 Dungeon Crawl Stone Soup version 0.31-a0-1424-g2add1c7226 (webtiles) character file.

Game seed: 7775354057209980106

2459281 jt the Lord of Darkness (level 27, 216/248 HPs)
             Began as a Ghoul Monk on Dec 26, 2023.
             Was the Champion of Kikubaaqudgha.
             Escaped with the Orb
             ... and 4 runes
             ... and 2 gems on Dec 27, 2023!
             The game lasted 07:39:21 (75355 turns).

jt the Lord of Darkness (Ghoul Monk)               Turns: 75355, Time: 07:39:22

Health: 216/248    AC: 26    Str: 25    XL:     27
Magic:  44/44      EV: 14    Int: 29    God:    Kikubaaqudgha [******]
Gold:   3384       SH: 13    Dex:  8    Spells: 8/61 levels left

rFire   + +          +
                       - Unarmed
rCold   + + .        I - +2 kite shield "Huhyuch" {Regen+}
rNeg    + + +        O - +7 ring mail of Greed {Will+ SInv Stlth+}
rPois   ∞            n - +0 helmet of the Orcish Mines {rF++}
rElec   +            T - scarf "Loijatao" {rC+ rF+, rN+ Str+2 Int+3 Slay+2}
rCorr   +            s - +2 pair of gloves {Dex+3}
SInv    +            Q - +1 pair of boots of Patterns {rElec rN+++ Dex-4 Slay+5}
Will    ++++.        m - amulet "Deom" {RegenMP Str+2 SInv}
Stlth   ++           d - ring of the Sturgeon {Will+ AC+4 Int+2 Dex-2 Stlth+}
HPRegen 1.41/turn    K - ring of Ciecefih {^Drain rElec rCorr Int+7}
MPRegen 0.69/turn

%: no passive effects
@: studying 4 skills
A: claws 1, cold resistance 1, negative energy resistance 3, inhibited
regeneration, torment resistance 2, devour on kill
0: Orb of Zot
}: 4/15 runes: serpentine, barnacled, silver, abyssal
a: Renounce Religion, Unearth Wretches, Torment


You escaped.
You worshipped Kikubaaqudgha.
Kikubaaqudgha was exalted by your worship.
You visited 11 branches of the dungeon, and saw 51 of its levels.
You visited the Abyss 7 times.
You visited 1 ziggurat, and saw 16 of its levels.
You also visited: Sewer, Bailey, Ice Cave and Desolation.

You collected 8703 gold pieces.
You spent 5319 gold pieces at shops.

Inventory:

Hand Weapons
 u - a +9 demon trident of pain
Missiles
 M - 7 curare-tipped darts
Armour
 n - the +0 helmet of the Orcish Mines (worn) {rF++}
   (You bought it in a shop on level 2 of the Orcish Mines)

   rF++:      It greatly protects you from fire.
 s - a +2 pair of gloves of dexterity (worn)
 I - the +2 kite shield "Huhyuch" (worn) {Regen+}
   (You found it on level 4 of the Shoals)

   Regen+:    It increases your rate of health regeneration.
 O - the +7 ring mail of Greed (worn) {Will+ SInv Stlth+}
   (You found it on level 3 of the Elven Halls)

   Will+:     It increases your willpower.
   SInv:      It lets you see invisible.
   Stlth+:    It makes you more stealthy.
 Q - the +1 pair of boots of Patterns (worn) {rElec rN+++ Dex-4 Slay+5}
   (You found it on level 1 of the Lair of Beasts)

   Dex-4:     It affects your dexterity (-4).
   Slay+5:    It affects your accuracy & damage with ranged weapons and melee
   (+5).
   rElec:     It insulates you from electricity.
   rN+++:     It renders you almost immune to negative energy.
 T - the scarf "Loijatao" (worn) {rC+ rF+, rN+ Str+2 Int+3 Slay+2}
   (You found it on level 3 of the Crypt)

   Str+2:     It affects your strength (+2).
   Int+3:     It affects your intelligence (+3).
   Slay+2:    It affects your accuracy & damage with ranged weapons and melee
   (+2).
   rN+:       It protects you from negative energy.
 V - the +2 shield of Resistance {rF++ rC++ Will++}
   (You found it on level 14 of a ziggurat)

   rF++:      It greatly protects you from fire.
   rC++:      It greatly protects you from cold.
   Will++:    It greatly increases your willpower.
Magical Staves
 U - the staff of Malum Prohibitum {+Blink rElec rC- Int+5 Air}
   (You found it on level 12 of a ziggurat)

   [staff of air]

   Base accuracy: +5 Base damage: 5 Base attack delay: 1.2 This weapon's minimum
   attack delay (0.6) is reached at skill level 12.
   Int+5:     It affects your intelligence (+5).
   rC-:       It makes you vulnerable to cold.
   rElec:     It insulates you from electricity.
   +Blink:    It lets you blink.
   Air:       It increases the power of your Air spells.
   It falls into the 'Staves' category.
   It is a one-clawed weapon.
Jewellery
 d - the ring of the Sturgeon (left hand) {Will+ AC+4 Int+2 Dex-2 Stlth+}
   (You took it off a deep elf annihilator on level 3 of the Elven Halls)

   [ring of protection]

   AC+4:      It affects your AC (+4).
   Int+2:     It affects your intelligence (+2).
   Dex-2:     It affects your dexterity (-2).
   Will+:     It increases your willpower.
   Stlth+:    It makes you more stealthy.
 h - the ring of the Hippo {rF+ Str+6}
   (You bought it in a shop on level 5 of the Dungeon)

   [ring of strength]

   Str+6:     It affects your strength (+6).
   rF+:       It protects you from fire.
 j - the ring of Pocriy {rF+ MP+9 Slay+4}
   (You took it off a fire giant on level 2 of the Depths)

   [ring of slaying]

   Slay+4:    It affects your accuracy & damage with ranged weapons and melee
   (+4).
   rF+:       It protects you from fire.
   MP+9:      It affects your magic capacity (+9).
 m - the amulet "Deom" (around neck) {RegenMP Str+2 SInv}
   (You found it on level 3 of the Crypt)

   [amulet of magic regeneration]

   RegenMP:   It increases your rate of magic regeneration.
   Str+2:     It affects your strength (+2).
   SInv:      It lets you see invisible.
 o - the amulet of Gidegas {Rampage ^Drain rC++ rN+ Regen+}
   (You found it on level 5 of a ziggurat)

   [amulet of regeneration]

   rC++:      It greatly protects you from cold.
   rN+:       It protects you from negative energy.
   Regen+:    It increases your rate of health regeneration.
   ^Drain:    It drains your maximum health when unequipped.
   Rampage:   It bestows one free step when moving towards enemies.
 q - the ring "Wattocaa" {rPois rC+ rN+ rCorr Dex-5}
   (You found it on level 2 of the Depths)

   [ring of resist corrosion]

   Dex-5:     It affects your dexterity (-5).
   rC+:       It protects you from cold.
   rPois:     It protects you from poison rN+: It protects you from negative
   energy.
   rCorr:     It protects you from acid and corrosion.
 D - the amulet of Tinatopy {^Drain rElec Regen+ Str+3 Dex+5}
   (You found it on level 10 of a ziggurat)

   [amulet of regeneration]

   Str+3:     It affects your strength (+3).
   Dex+5:     It affects your dexterity (+5).
   rElec:     It insulates you from electricity.
   Regen+:    It increases your rate of health regeneration.
   ^Drain:    It drains your maximum health when unequipped.
 F - the amulet of the Four Winds {rN+ Will+++ Clar}
   (You found it on level 11 of a ziggurat)

   [amulet of nothing]

   rN+:       It protects you from negative energy.
   Will+++:   It greatly increases your willpower.
   Clar:      It protects you from confusion, rage, mesmerisation and fear.
 K - the ring of Ciecefih (right hand) {^Drain rElec rCorr Int+7}
   (You bought it in a shop on level 5 of the Dungeon)

   [ring of resist corrosion]

   Int+7:     It affects your intelligence (+7).
   rElec:     It insulates you from electricity.
   rCorr:     It protects you from acid and corrosion.
   ^Drain:    It drains your maximum health when unequipped.
 P - the ring of Piraocio {rElec rPois rC+ Dex+2}
   (You took it off a frost giant on level 2 of the Depths)

   [ring of poison resistance]

   Dex+2:     It affects your dexterity (+2).
   rC+:       It protects you from cold.
   rElec:     It insulates you from electricity.
   rPois:     It protects you from poison
Wands
 f - a wand of acid (3)
 r - a wand of flame (13)
 t - a wand of mindburst (7)
 z - a wand of digging (38)
 G - a wand of roots (47)
Scrolls
 a - a scroll of poison
 c - 4 scrolls of silence
 g - 7 scrolls of immolation
 p - 17 scrolls of teleportation
 w - 3 scrolls of revelation
 y - 6 scrolls of vulnerability
 B - 9 scrolls of fear
 N - 4 scrolls of blinking
 R - 13 scrolls of fog
Potions
 e - 21 potions of curing
 k - 3 potions of enlightenment
 l - a potion of ambrosia
 A - 8 potions of might
 L - 8 potions of resistance
 W - 4 potions of magic
 X - 4 potions of brilliance
 Y - a potion of invisibility
 Z - 3 potions of cancellation
Miscellaneous
 b - a box of beasts
 i - a phial of floods
 x - a tin of tremorstones (2/2)
 H - a phantom mirror (inert)
 S - a lightning rod (4/4)


   Skills:
 - Level 20.4 Fighting
 - Level 2.0 Throwing
 - Level 13.0 Armour
 - Level 13.7 Dodging
 - Level 7.0 Stealth
 - Level 13.0 Shields
 - Level 21.1 Unarmed Combat
 + Level 17.9 Spellcasting
 - Level 10.0 Hexes
 O Level 27 Necromancy
 + Level 15.5 Translocations
 + Level 4.0 Air Magic
 - Level 5.0 Earth Magic
 - Level 4.0 Alchemy
 - Level 8.4 Evocations


You had 8 spell levels left.
You knew the following spells:

 Your Spells              Type           Power      Damage    Failure   Level
a - Vampiric Draining     Necr           100%       2d13      0%          3
b - Dispel Undead         Necr           100%       3d31      0%          4
c - Animate Dead          Necr           100%       N/A       0%          4
d - Anguish               Hex/Necr       46%        N/A       1%          4
e - Death Channel         Necr           55%        N/A       0%          6
f - Fugue of the Fallen   Necr           100%       N/A       0%          3
g - Borgnjor's Vile Clut  Necr/Erth      43%        N/A       1%          5
h - Infestation           Necr           55%        N/A       1%          8
j - Blink                 Tloc           100%       N/A       0%          2
k - Passage of Golubria   Tloc           86%        N/A       1%          4
l - Vhi's Electric Charg  Tloc/Air       100%       N/A       1%          4
m - Dispersal             Tloc           43%        N/A       1%          6

Your spell library contained the following spells:

 Spells                   Type           Power      Damage    Failure   Level
 Apportation              Tloc           100%       N/A       0%          1
 Kiss of Death            Conj/Necr      100%       2d13      0%          1
 Necrotise                Necr           100%       1d9       0%          1
 Lesser Beckoning         Tloc           100%       N/A       0%          2
 Agony                    Necr           100%       N/A       0%          5
 Sandblast                Erth           100%       2d20      1%          1
 Slow                     Hex            100%       N/A       1%          1
 Sting                    Conj/Alch      100%       1d9       1%          1
 Cigotuvi's Dreadful Rot  Necr/Alch/Air  100%       N/A       1%          2
 Ensorcelled Hibernation  Hex/Ice        100%       N/A       1%          2
 Jinxbite                 Hex            100%       N/A       1%          2
 Mercury Vapours          Alch/Air       98%        N/A       1%          2
 Momentum Strike          Conj/Tloc      100%       3d10      1%          2
 Passwall                 Alch/Erth      42%        N/A       1%          2
 Confusing Touch          Hex            71%        N/A       1%          3
 Dazzling Flash           Conj/Hex       100%       N/A       1%          3
 Gell's Gravitas          Tloc           86%        N/A       1%          3
 Inner Flame              Hex/Fire       53%        N/A       1%          3
 Sigil of Binding         Hex            71%        N/A       1%          3
 Summon Guardian Golem    Hex/Summ       53%        N/A       1%          3
 Swiftness                Air            49%        N/A       1%          3
 Teleport Other           Tloc           86%        N/A       1%          3
 Tukima's Dance           Hex            71%        N/A       1%          3
 Volatile Blastmotes      Fire/Tloc      100%       2d18      1%          3
 Cause Fear               Hex            35%        N/A       1%          4
 Iskenderun's Mystic Bla  Conj/Tloc      63%        2d13      1%          4
 Manifold Assault         Tloc           86%        N/A       1%          4
 Static Discharge         Conj/Air       74%        3-7/arc   2%          2
 Simulacrum               Ice/Necr       40%        N/A       2%          6
 Foxfire                  Conj/Fire      100%       2x1d9     3%          1
 Summon Small Mammal      Summ           100%       N/A       3%          1
 Mephitic Cloud           Conj/Alch/Air  41%        N/A       3%          3
 Stone Arrow              Conj/Erth      80%        3d12      3%          3
 Summon Forest            Summ/Tloc      31%        N/A       4%          5
 Call Imp                 Summ           52%        N/A       5%          2
 Scorch                   Fire           52%        2d7       5%          2
 Leda's Liquefaction      Alch/Erth      25%        N/A       5%          4
 Petrify                  Alch/Erth      51%        N/A       5%          4
 Silence                  Hex/Air        30%        N/A       5%          5
 Yara's Violent Unravell  Hex/Alch       30%        3d13      5%          5
 Airstrike                Air            24%        2d(4-20)  7%          4
 Olgreb's Toxic Radiance  Alch           49%        N/A       7%          4
 Call Canine Familiar     Summ           26%        N/A       11%         3
 Hailstorm                Conj/Ice       26%        3d7       11%         3
 Ozocubu's Armour         Ice            26%        N/A       11%         3
 Haunt                    Necr/Summ      40%        N/A       12%         7
 Animate Armour           Summ/Erth      80%        N/A       13%         4
 Brom's Barrelling Bould  Conj/Erth      40%        2d6       13%         4
 Lee's Rapid Deconstruct  Erth           26%        3d14*     13%         5
 Summon Mana Viper        Hex/Summ       53%        N/A       13%         5
 Fulminant Prism          Conj/Alch      18%        3d10      16%         4
 Ignite Poison            Fire/Alch      37%        N/A       16%         4
 Sticky Flame             Fire/Alch      37%        2d8       16%         4
 Summon Lightning Spire   Summ/Air       37%        N/A       16%         4
 Alistair's Intoxication  Alch           32%        N/A       19%         5
 Flame Wave               Conj/Fire      26%        2d8       34%         4
 Summon Ice Beast         Ice/Summ       26%        N/A       34%         4
 Disjunction              Tloc           43%        N/A       36%         8
 Arcjolt                  Conj/Air       18%        1d28      38%         5
 Irradiate                Conj/Alch      18%        3d17      41%         5
 Freezing Cloud           Conj/Ice/Air   16%        6-21      50%         5
 Fireball                 Conj/Fire      13%        3d7       69%         5
 Iskenderun's Battlesphe  Conj           26%        2d8       69%         5
 Malign Gateway           Summ/Tloc      31%        N/A       77%         7
 Bombard                  Conj/Erth      20%        9d4       89%         6
 Conjure Ball Lightning   Conj/Air       18%        3x3d6     93%         6
 Plasma Beam              Fire/Air       18%        2x1d30    93%         6
 Discord                  Hex            35%        N/A       98%         8
 Starburst                Conj/Fire      13%        6d5       99%         6
 Summon Cactus Giant      Summ           13%        N/A       99%         6
 Monstrous Menagerie      Summ           13%        N/A       100%        7
 Ozocubu's Refrigeration  Ice            13%        4d10      100%        7
 Spellforged Servitor     Conj/Summ      13%        N/A       100%        7
 Summon Hydra             Summ           13%        N/A       100%        7
 Ignition                 Fire           13%        3d6       100%        8
 Lehudib's Crystal Spear  Conj/Erth      20%        10d6      100%        8
 Maxwell's Capacitive Co  Air            24%        ∞         100%        8
 Summon Horrible Things   Summ           13%        N/A       100%        8
 Chain Lightning          Conj/Air       18%        3d24      100%        9
 Dragon's Call            Summ           13%        N/A       100%        9
 Polar Vortex             Ice            13%        12d1*     100%        9
 Shatter                  Erth           26%        3d22*     100%        9
 Sublimation of Blood     Necr           Unusable   N/A       N/A         2

Dungeon Overview and Level Annotations

Branches:
Dungeon (15/15)            Temple (1/1) D:4            Lair (5/5) D:8
 Shoals (4/4) Lair:3        Snake (4/4) Lair:3        Slime (0/5) Lair:5
    Orc (2/2) D:11            Elf (3/3) Orc:2        Vaults (5/5) D:14
  Crypt (3/3) Vaults:3       Tomb (0/3) Crypt:3      Depths (4/4) D:15
    Zot (5/5) Depths:4      Sewer (visited)          Bailey (visited)
  IceCv (visited)         Desolation (visited)

Altars:
Ashenzari
Cheibriados
Dithmenos
Fedhas
Gozag
Hepliaklqana
Kikubaaqudgha
Makhleb
Nemelex Xobeh
Okawaru
Qazlal
Ru
Sif Muna
Trog
Uskayaw
Vehumet
Wu Jian
Xom
Yredelemnul
Jiyva
Lugonu

Shops:
D:5 *=   D:14 *:(?   Orc:2 *(*:[   Elf:1 (   Elf:2 *   Snake:1 ![[   Snake:2 :
Snake:3 (   Snake:4 [:   Vaults:1 !   Vaults:4 (   Depths:1 **   Depths:4 (

Portals:
Hell: Depths:1 Depths:2 Depths:3 Depths:4
Abyss: Lair:5 Depths:3 Depths:4
Pandemonium: Depths:1 Depths:2
Trove: D:15 (give 17 potions of curing)

Annotations:
D:14 Roxanne
Snake:3 Vashnia
Elf:2 5 runed translucent doors
Elf:3 exclusion: orange crystal statue


Innate Abilities, Weirdness & Mutations

You are immune to poison.
You have sharp fingernails.
Your flesh is cold resistant. (rC+)
You are immune to negative energy. (rN+++)
You do not regenerate when monsters are visible.
You are immune to unholy pain and torment.
You thrive by killing the living.


Message History

The balrug gestures at you. The pyre arrow misses you.
Your death scarab bites the balrug.
Your death scarab drains the balrug's vigour!
The balrug seems to slow down.
Casting: Infestation (mildly dangerous; 1% risk of failure)
Confirm with . or Enter, or press ? or * to list all spells.
Charge where?
Press: ? - help, Dir - move target, f/p - balrug
Aim: a balrug, wielding a +4 demon whip of venom (moderately wounded, infested, slow, ally target, 84% to hit)
You charge forward with an electric crackle!
You closely miss the balrug.
The balrug is moderately wounded.
Your death scarab bites the balrug!
Your death scarab drains the balrug's vigour!
The balrug seems to slow down.
Your death scarab bites the balrug!
Your death scarab bites the balrug!!
Your death scarab bites the balrug!
Your death scarab drains the balrug's vigour!
The balrug seems to slow down.
You barely miss the balrug.
The balrug is almost dead.
Your death scarab closely misses the balrug.
The balrug barely misses you.
Your death scarab bites the balrug!
The balrug dies!
Kikubaaqudgha accepts your kill.
A death scarab bursts from the balrug!
Press: ? - help, v - describe, . - travel, g - get item Item here: a +4 demon whip of venom.
The floor.
This square is covered in magical glow.
You swap places.
There is a stone staircase leading up here.
You climb upwards.
Your mindless puppets stay behind to rot.
There is a stone staircase leading down here.
What level of the Dungeon? (default 1, ? - help) Magic restored.
There is an open door here.
There is an open door here.
There is a staircase leading out of the dungeon here.
You have escaped!

##....#
♣.♣♣
#.........
##...#
♣♣.♣
#......#..
##'## ♣.♣♣
##........
#####.#
♣.♣♣
###...###
......#
♣♣.♣ #...#
####..##
♣.♣ #...#
.......##
♣♣.♣♣
##.##
.##.....#
♣...♣
##.##
.###...##
♣.@.♣
#...###
.###..###
♣...♣
#......
........#
♣♣.♣♣
#...###
.###..###
♣♣.♣♣
##### .#
#..# ♣.♣♣
####..#
♣♣.♣
......#
♣♣.♣♣
#####.#
♣..♣ #.#
#..# ###
##


There were no monsters in sight!

Vanquished Creatures
  2 orbs of fire
  5 dread liches
  4 ancient liches
  A shard shrike (Zig:15)
  Boris (Vaults:3)
  Saint Roka (Orc:2)
  A Killer Klown (Zig:7)
  A curse toe (Zot:4)
  A pandemonium lord (Zig:1)
  the Enchantress (Depths:4)
  A bone dragon (Abyss:4)
  5 golden dragons
  An electric golem (Zot:5)
  6 tentacled monstrosities
  The ghost of Nidiz the Executioner, an adept HOCA of Makhleb (Snake:2)
  10 liches
  The ghost of t4s4d4r the Warrior, an adept OnFi of Okawaru (Snake:3)
  9 Orb Guardians
  A deep elf master archer (Elf:3)
  2 acid blobs
  2 sphinxes
  6 titans (Vaults:5)
  4 death cobs
  3 deep elf blademasters
  4 ancient champions
  A quicksilver dragon (Zot:4)
  6 shadow dragons
  11 tentacled starspawn
  A tengu reaver (Vaults:5)
  A revenant (Crypt:1)
  Donald (Orc:2)
  4 storm dragons
  3 draconian knights
  3 fenstrider witches
  4 nagarajas
  A nargun (Zig:9)
  A rockslime (Zig:14)
  2 draconian monks
  2 protean progenitors
  4 fire giants
  A demonspawn warmonger (Abyss:4)
  9 frost giants
  A deep elf elementalist (Elf:3)
  5 imperial myrmidons (Desolation)
  A ghost moth (Zot:3)
  7 vault wardens
  2 deep elf sorcerers
  A draconian shifter (Zig:11)
  A caustic shrike zombie (Crypt:3)
  2 iron dragons
  4 draconian scorchers
  5 reapers
  3 balrugs
  A cacodemon (Abyss:1)
  2 formless jellyfish
  2 spriggan defenders (Depths:4)
  5 ghouls (Crypt:2)
  4 curse skulls
  A quicksilver ooze (Zig:14)
  11 very ugly things
  3 draconian annihilators
  8 ironbound preservers
  A draconian stormcaller (Zig:11)
  11 stone giants
  4 vampire knights
  An eleionoma (Zig:13)
  4 white draconians
  3 black draconians
  7 deep elf annihilators
  Nessos (D:14)
  6 deep elf death magi
  4 bunyips
  2 deep elf demonologists (Elf:3)
  4 green draconians
  3 halazid warlocks (Desolation)
  4 spark wasps
  A yellow draconian (Zot:3)
  9 starcursed masses
  5 dire elephants
  2 war gargoyles
  3 purple draconians
  The ghost of Kileenk the Bludgeoner, a journeyman MiFi of Okawaru (D:12)
  A very ugly thing zombie (Depths:1)
  2 eidola (Crypt:1)
  8 ettins
  2 blizzard demons (Zig:15)
  An entropy weaver (shapeshifter) (Elf:1)
  6 yaktaur captains
  4 fire dragons
  4 merfolk impalers
  A crystal guardian (Vaults:2)
  2 deep elf high priests
  7 jiangshi
  An entropy weaver (Vaults:3)
  3 ragged hierophants (Desolation)
  The ghost of Adeuro the Fighter, a journeyman TeSu (D:12)
  An elf zombie (Crypt:1)
  2 rakshasas
  A ghost crab (Abyss:4)
  A spriggan zombie (Abyss:3)
  4 ironbound frosthearts
  5 great orbs of eyes
  3 hydras
  The ghost of alja1234 the Summoner, a journeyman FoSu of Sif Muna (D:9)
  7 ice dragons
  5 peacekeepers
  A hell beast (Depths:1)
  3 spriggan air magi
  15 vault guards
  An alligator (Shoals:1)
  3 death knights
  2 anacondas
  4 centaur warriors
  A merfolk avatar (Shoals:4)
  2 ogre magi
  3 deep troll shamans
  A death scarab (Zig:10)
  3 two-headed ogres
  2 satyrs
  3 vampire magi
  2 tengu warriors
  A death yak (Shoals:4)
  9 naga warriors
  3 deep troll earth magi
  The ghost of Tenar the Cutter, a novice DsCA of Ignis (D:7)
  22 dancing weapons
  5 shock serpents
  7 naga sharpshooters
  A shock serpent (shapeshifter) (Zig:5)
  3 thrashing horrors (Lair:5)
  5 hell knights
  2 spriggan berserkers
  7 sun demons
  3 orc high priests
  A titan zombie (Crypt:3)
  13 deep elf knights
  19 skeletal warriors
  7 soul eaters
  8 wretched stars
  A fire crab (Abyss:4)
  A shadow wraith (Crypt:1)
  Sonja (D:13)
  A deep troll (shapeshifter) (Vaults:5)
  3 iron trolls
  A skyshark (Shoals:1)
  A sixfirhy (Abyss:1)
  2 spriggan druids (Zig:13)
  4 sea snakes
  A bog body (IceCv)
  28 deep trolls
  A swamp dragon (Zig:12)
  2 spatial maelstroms
  An obsidian statue (IceCv)
  2 sun moths (shapeshifter)
  2 orange crystal statues
  5 ironbound convokers
  10 glowing orange brains
  Pikel (D:8)
  3 naga ritualists
  13 large abominations
  4 arcanists
  2 flayed ghosts (Crypt:2)
  10 harpies
  A golden dragon skeleton (Crypt:2)
  2 spriggan simulacra (IceCv)
  7 lindwurms
  5 deep elf archers
  6 orc knights
  An anaconda skeleton (Crypt:3)
  26 deep elf pyromancers
  22 deep elf zephyrmancers
  19 phantasmal warriors
  3 wolf spiders
  9 mana vipers
  7 orc sorcerers
  8 necromancers
  A frost giant zombie (Crypt:1)
  A stone giant zombie (Crypt:3)
  21 ugly things
  8 salamanders
  2 fauns (Shoals:3)
  3 cyclopes
  2 worldbinders
  2 will-o-the-wisps
  Maurice (D:11)
  7 manticores
  6 moths of wrath
  A dire elephant zombie (Crypt:3)
  A meliai (D:14)
  2 merfolk sirens
  2 ice statues (D:14)
  3 apocalypse crabs
  7 naga magi
  4 water nymphs
  3 guardian serpents (Snake:4)
  A stone giant skeleton (Crypt:1)
  9 vault sentinels
  A cane toad (shapeshifter) (Vaults:5)
  An orange demon (Abyss:2)
  27 black mambas
  2 centaur skeletons (Crypt:3)
  10 cane toads
  3 smoke demons
  Maggie (D:7)
  3 elephants
  2 dire elephant skeletons
  12 yaktaurs
  A torpor snail (Abyss:4)
  3 unseen horrors
  2 komodo dragons (shapeshifter)
  The ghost of bumbalina the Magician, a novice FoEE of Cheibriados (D:5)
  3 kobold demonologists (D:12)
  3 tormentors
  An unseen horror zombie (D:9)
  3 komodo dragons
  A grey draconian skeleton (Crypt:1)
  4 rime drakes
  2 tengu conjurers
  A purple draconian skeleton (Crypt:2)
  13 freezing wraiths
  5 ice devils
  A golden dragon simulacrum (IceCv)
  5 guardian mummies
  9 merfolk
  A minotaur skeleton (Crypt:2)
  5 ancient zymes
  A hornet (D:8)
  8 trolls
  A death yak skeleton (Crypt:2)
  3 spriggan skeletons
  A wind drake (shapeshifter) (D:15)
  A wind drake (Shoals:4)
  2 tyrant leeches
  An alligator simulacrum (IceCv)
  12 hellwings (Crypt:3)
  21 raiju
  3 harpy skeletons (Crypt:3)
  15 saltlings (Desolation)
  A blink frog (Lair:5)
  5 snapping turtles
  2 centaur simulacra
  19 slime creatures
  14 small abominations
  A merfolk skeleton (Crypt:3)
  A spriggan (shapeshifter) (Elf:2)
  A ynoxinul (Abyss:2)
  A dire elephant simulacrum (IceCv)
  3 air elementals
  3 shadows
  11 wraiths
  3 wyverns
  An ushabti (Crypt:3)
  8 water elementals
  39 yaks
  7 fire elementals
  2 basilisks
  5 wargs
  2 golden eyes
  14 humans (D:14)
  7 vampire mosquitoes
  4 redbacks (Crypt:3)
  A steam dragon (D:8)
  A spatial vortex (Abyss:4)
  20 nagas
  A merfolk zombie (Crypt:1)
  2 chaos spawn
  A minotaur simulacrum (IceCv)
  3 neqoxecs
  4 hell hounds (Orc:2)
  6 water moccasins
  2 sky beasts (D:7)
  28 orc warriors
  6 ice beasts
  A two-headed ogre skeleton (Crypt:1)
  2 black bears
  7 ogres
  2 boggarts (Vaults:2)
  29 laughing skulls
  A snapping turtle skeleton (Crypt:1)
  13 centaurs
  4 wolves (Lair:1)
  2 phantoms
  8 kobold brigands
  2 weeping skulls (Abyss:1)
  A brain worm (Abyss:1)
  A rime drake skeleton (Crypt:2)
  A gnoll sergeant (D:9)
  4 earth elementals
  3 bullfrogs
  A water moccasin zombie (D:5)
  2 scorpions
  3 deep troll simulacra (IceCv)
  5 necrophages
  20 wights
  7 wyvern skeletons (Crypt:3)
  A burial acolyte (D:5)
  A water moccasin skeleton (Crypt:1)
  3 killer bees (D:11)
  4 electric eels (Snake:1)
  A howler monkey (D:8)
  5 quasits
  A centaur zombie (D:9)
  A human zombie (D:5)
  6 iron imps
  6 jellies
  2 bombardier beetles (D:5)
  A bullfrog zombie (D:5)
  3 hounds
  18 orc priests
  17 orc wizards
  An iguana (D:14)
  A scorpion zombie (D:5)
  2 hound zombies (D:5)
  4 mummies (Zig:10)
  5 gnolls (D:9)
  2 river rats (Sewer)
  7 adders
  A shadow imp (D:6)
  2 white imps
  An ufetubus (Abyss:1)
  A jelly zombie (Crypt:2)
  4 worms (Sewer)
  3 dart slugs
  109 orcs
  9 ball pythons
  4 bats
  9 endoplasms
  5 giant cockroaches
  9 goblins
  11 hobgoblins
  6 jackals (D:1)
  6 quokkas
  A frilled lizard (D:1)
  32 kobolds
  A quokka skeleton (Crypt:1)
  10 rats
  A lurking horror (Abyss:2)
  5 starspawn tentacles
1678 creatures vanquished.

Vanquished Creatures (collateral kills)
  A dread lich (Zig:6)
  Sojobo (Vaults:5)
  2 Killer Klowns (Zot:5)
  2 shard shrikes (Zig:15)
  Bai Suzhen (Vaults:2)
  2 caustic shrikes (Depths:4)
  5 golden dragons
  Norris (Vaults:1)
  3 electric golems
  2 Ice Fiends
  3 doom hounds (Crypt:3)
  6 tentacled monstrosities
  Rupert (D:14)
  A Hell Sentinel (Abyss:4)
  14 Orb Guardians (Zot:5)
  3 titans (Vaults:5)
  A walking earthen tome (Depths:2)
  Grunn (Crypt:3)
  A quicksilver dragon (Zot:3)
  A deep elf blademaster (Elf:3)
  A kraken (Abyss:4)
  2 sphinxes (Vaults:5)
  An ancient champion (Crypt:2)
  The ghost of Raspi the Metamorph, an adept TrSh of Gozag (Snake:4)
  An Executioner (Zot:4)
  5 death cobs (Zot:3)
  4 acid blobs (Zig:14)
  Polyphemus (Shoals:4)
  5 nagarajas
  3 shadow dragons
  3 tengu reavers
  A rockslime (Zig:14)
  6 storm dragons
  2 azure jellies
  3 fenstrider witches
  5 frost giants
  A balrug (D:2)
  2 protean progenitors
  6 fire giants
  2 draconian knights
  2 narguns (Zig:9)
  6 draconian monks
  A ghost moth (Zot:5)
  3 draconian scorchers
  A draconian shifter (Zig:11)
  A draconian stormcaller (Zot:3)
  8 vault wardens
  2 imperial myrmidons (Desolation)
  5 ghouls
  4 quicksilver oozes
  A spriggan defender (Depths:4)
  A draconian annihilator (Zot:3)
  An orc warlord (Orc:2)
  7 stone giants
  8 very ugly things
  10 ironbound preservers
  6 ironbound thunderhulks
  A caustic shrike skeleton (Zig:10)
  A reaper (IceCv)
  2 formless jellyfish
  A deep elf demonologist (Vaults:3)
  A bunyip (Zig:13)
  2 deep elf death magi
  A lorocyproca (Zig:7)
  16 dire elephants
  3 purple draconians
  2 wendigos (Zig:9)
  4 red draconians
  5 black draconians
  5 white draconians
  2 green draconians
  2 deep elf annihilators (Elf:3)
  5 yellow draconians
  3 war gargoyles
  A green death (Zig:13)
  8 ettins
  4 eidola (Crypt:3)
  4 merfolk impalers
  2 fire dragons
  4 blizzard demons
  12 yaktaur captains
  A deep elf high priest (Vaults:5)
  5 mummy priests
  An entropy weaver (Vaults:3)
  5 ragged hierophants (Desolation)
  3 shambling mangroves
  A very ugly thing zombie (Depths:4)
  5 ice dragons
  A rakshasa (Depths:1)
  14 vault guards
  A spriggan zombie (Crypt:3)
  6 great orbs of eyes
  A fenstrider witch zombie (Crypt:1)
  4 servants of whispers (Desolation)
  6 hydras
  A ghost crab (Abyss:4)
  3 alligator snapping turtles
  A caustic shrike simulacrum (Zig:9)
  4 spriggan air magi
  A peacekeeper (Desolation)
  6 anacondas
  2 ironbound frosthearts
  2 centaur warriors (Vaults:3)
  3 two-headed ogres
  3 catoblepae
  A merfolk avatar (Shoals:1)
  A death scarab (Zig:10)
  5 naga warriors
  4 deep troll shamans
  2 death yaks (Shoals:4)
  3 deep troll earth magi
  A spriggan berserker (Depths:4)
  2 tengu warriors
  A vampire mage (Depths:2)
  A titan zombie (Crypt:3)
  An occultist (Depths:3)
  A naga sharpshooter (Snake:4)
  A thrashing horror (Abyss:4)
  A shock serpent (Zig:16)
  An emperor scorpion zombie (Crypt:3)
  A soul eater (Crypt:3)
  2 hell knights (Vaults:5)
  A wretched star (Abyss:4)
  2 skysharks (Vaults:1)
  A salamander mystic (Snake:4)
  A skyshark (shapeshifter) (Vaults:5)
  A fire crab (Abyss:4)
  A sea snake (shapeshifter) (Zig:7)
  4 skeletal warriors
  4 goliath frogs
  4 iron trolls
  A sea snake (Shoals:3)
  2 spriggan druids (Zig:12)
  35 deep trolls
  2 flayed ghosts
  2 death drakes
  3 anaconda zombies
  3 glowing orange brains
  A spark wasp zombie (Zig:10)
  4 naga ritualists
  A spriggan simulacrum (Crypt:1)
  A bog body (Crypt:1)
  3 swamp dragons
  10 ironbound convokers
  8 harpies
  13 phantasmal warriors
  7 necromancers
  3 orc knights
  5 lindwurms
  3 arcanists
  2 deep elf pyromancers (Elf:2)
  4 starcursed masses (Abyss:4)
  A mana viper (shapeshifter) (Vaults:4)
  6 fauns (Shoals:3)
  6 deep elf zephyrmancers
  4 mana vipers (Snake:4)
  A stone giant zombie (Depths:4)
  4 wolf spiders
  A cyclops (shapeshifter) (Zig:7)
  3 cyclopes
  4 salamanders
  A manticore (shapeshifter) (Vaults:5)
  15 ugly things
  A shining eye (shapeshifter) (Vaults:5)
  4 shining eyes (Zig:14)
  13 guardian serpents
  3 manticores (Shoals:4)
  2 elephants (Lair:5)
  An iron dragon skeleton (Zig:10)
  An elephant (shapeshifter) (Vaults:2)
  A merfolk siren (Shoals:2)
  3 will-o-the-wisps (Zig:13)
  2 dire elephant zombies (Vaults:2)
  A naga zombie (Crypt:3)
  7 vault sentinels
  13 moths of wrath
  3 apocalypse crabs
  2 smoke demons
  16 naga magi
  2 centaur zombies (Crypt:3)
  A water nymph (shapeshifter) (Vaults:5)
  An eye of devastation (Zig:14)
  12 black mambas
  3 cane toads
  5 large abominations
  A centaur skeleton (Crypt:3)
  A water nymph (Shoals:4)
  A rime drake (Zig:15)
  A dire elephant skeleton (Crypt:1)
  2 komodo dragons
  19 yaktaurs
  A torpor snail (shapeshifter) (Vaults:3)
  3 freezing wraiths
  3 ice devils (Zig:15)
  A tormentor (Zig:9)
  2 tengu conjurers
  2 guardian mummies (Zig:10)
  A polar bear (shapeshifter) (Lair:5)
  13 merfolk
  A hellwing (Crypt:3)
  3 wind drakes
  2 harpy skeletons
  29 saltlings (Desolation)
  A hornet (Zig:12)
  A glass eye (shapeshifter) (Zig:7)
  An iron dragon simulacrum (Zig:15)
  5 raiju
  8 blink frogs
  2 dream sheep (Shoals:2)
  6 snapping turtles
  An air elemental (Zig:8)
  2 spriggan skeletons
  15 slime creatures
  A water elemental (Shoals:2)
  A spriggan (Depths:4)
  3 culicivoras (Vaults:3)
  3 ushabtiu (Zig:10)
  8 yaks
  5 wraiths
  A ynoxinul (Lair:5)
  2 wyverns
  3 basilisks
  4 golden eyes (Zig:5)
  2 humans (D:14)
  2 redbacks (shapeshifter)
  A vampire mosquito (D:14)
  2 minotaur simulacra (IceCv)
  A harpy simulacrum (IceCv)
  A yaktaur simulacrum (Vaults:3)
  2 redbacks (Vaults:3)
  3 chaos spawn
  15 nagas
  6 water moccasins
  8 orc warriors
  4 ice beasts (Zig:15)
  5 small abominations (Lair:5)
  7 ogres
  2 boggarts (Vaults:2)
  2 centaurs
  A blink frog skeleton (Crypt:1)
  2 human zombies
  A fire crab zombie (Crypt:2)
  An earth elemental (Zig:8)
  A necrophage (Crypt:1)
  A deep troll simulacrum (IceCv)
  2 wyvern skeletons (Crypt:3)
  A human simulacrum (Depths:1)
  2 wights (Abyss:1)
  An electric eel (Lair:5)
  4 orc priests (Orc:2)
  5 orc wizards
  7 mummies (Zig:10)
  14 orcs
  An endoplasm zombie (Crypt:1)
  A kobold (D:11)
  A starspawn tentacle (Abyss:4)
  2 tentacles (Abyss:4)
919 creatures vanquished.

Vanquished Creatures (others)
  Mara (Depths:1)
  2 caustic shrikes
  An Orb Guardian (Zot:5)
  3 deep elf master archers (Elf:3)
  A sphinx (Vaults:2)
  2 tentacled starspawn (Abyss:4)
  2 tengu reavers (Vaults:5)
  A shadow dragon (Zot:3)
  A storm dragon (Zot:2)
  2 draconian monks
  2 fire giants
  4 frost giants
  3 imperial myrmidons (Desolation)
  4 draconian knights
  4 vault wardens
  2 draconian scorchers
  3 deep elf sorcerers (Elf:3)
  A draconian annihilator (Zot:1)
  6 stone giants
  A draconian stormcaller (Depths:4)
  2 reapers (IceCv)
  2 ironbound preservers
  A stone giant (shapeshifter) (Zig:7)
  A formless jellyfish (Vaults:2)
  2 eleionomae
  A very ugly thing (Depths:1)
  2 deep elf demonologists
  A yellow draconian (Zot:3)
  A dire elephant (Vaults:3)
  Azrael (Orc:2)
  2 white draconians
  A spark wasp (Zig:15)
  2 very ugly thing zombies
  A purple draconian (Depths:4)
  A merfolk javelineer (Shoals:2)
  Josephine (D:12)
  4 ettins
  5 merfolk impalers
  A great orb of eyes (Vaults:1)
  A salamander tyrant (Snake:2)
  A fire dragon (Zig:15)
  4 yaktaur captains
  A hydra (Lair:5)
  3 Orb Guardian zombies (Zot:5)
  An ice dragon (Zig:16)
  A ghost crab (Zig:12)
  2 sphinx zombies
  3 vault guards
  3 anacondas (Snake:4)
  2 ironbound frosthearts
  4 alligator snapping turtles
  2 merfolk aquamancers (Shoals:4)
  A death knight (Abyss:4)
  A satyr (Shoals:2)
  4 deep troll shamans
  2 centaur warriors
  2 tengu warriors
  2 naga warriors
  2 titan zombies (Vaults:5)
  2 hell knights (Vaults:5)
  4 two-headed ogres
  2 naga sharpshooters (Snake:3)
  4 shock serpents
  4 deep troll earth magi
  2 storm dragon zombies
  2 anaconda zombies (Snake:4)
  4 deep elf knights
  A sea snake (Shoals:4)
  A fire crab (shapeshifter) (Vaults:5)
  A golden dragon zombie (Vaults:5)
  2 spark wasp zombies
  3 spriggan druids
  5 deep trolls
  4 deep elf archers (Elf:3)
  An orc knight (Orc:2)
  3 ironbound convokers
  An arcanist (Vaults:2)
  4 ugly thing zombies
  2 fire giant zombies
  A goliath frog zombie (Zig:13)
  2 deep elf zephyrmancers (Elf:1)
  2 frost giant zombies
  A harpy (Vaults:1)
  A deep elf pyromancer (Elf:3)
  2 orc sorcerers
  4 draconian zombies
  A salamander (Snake:2)
  3 mana vipers
  5 stone giant zombies
  A large abomination (Depths:3)
  2 meliai (D:14)
  A meliai (shapeshifter) (D:14)
  4 centaur zombies
  8 black mambas
  A starcursed mass (Abyss:2)
  4 manticores
  7 naga magi
  2 moths of wrath (Zot:3)
  A kobold blastminer (Orc:2)
  2 formless jellyfish zombies (Vaults:2)
  2 shock serpent zombies
  3 vault sentinels
  A molten gargoyle (Desolation)
  A merfolk siren (Shoals:3)
  2 dire elephant zombies
  A demonspawn zombie (Abyss:4)
  A torpor snail (shapeshifter) (Zig:1)
  A cane toad (Lair:5)
  An alligator snapping turtle zombie (Shoals:3)
  6 yaktaur zombies
  A redback zombie (Vaults:5)
  2 rime drakes
  An iron troll zombie (Depths:2)
  A komodo dragon (Lair:5)
  An ice devil (Zig:15)
  5 yaktaurs
  4 mana viper zombies
  A hydra zombie (D:15)
  A bloated husk (Zig:13)
  6 moth of wrath zombies
  5 harpy zombies
  3 merfolk (Shoals:4)
  A wind drake (Shoals:2)
  A hornet (Zig:12)
  2 fire dragon zombies
  4 meliai zombies (D:14)
  4 blink frogs (Lair:5)
  A raiju (Abyss:2)
  2 snapping turtles
  3 spriggan zombies
  4 ettin zombies
  2 guardian serpent zombies
  3 ice dragon zombies
  9 black mamba zombies
  A wind drake zombie (Shoals:4)
  A fire elemental (Elf:3)
  3 yaks
  A basilisk (Lair:5)
  3 slime creature zombies
  3 faun zombies (Shoals:3)
  A skyshark zombie (Vaults:1)
  6 tengu zombies
  14 deep troll zombies
  5 two-headed ogre zombies
  6 nagas
  A water nymph zombie (Vaults:5)
  A hell hound (Orc:2)
  8 merfolk zombies
  2 cane toad zombies
  7 ice beasts (IceCv)
  35 elf zombies
  10 orc warriors (Orc:2)
  A lindwurm zombie (Vaults:2)
  A boggart (Vaults:1)
  2 elephant zombies (Lair:5)
  4 manticore zombies
  A ghost crab zombie (Abyss:4)
  3 blink frog zombies (Lair:5)
  A centaur (D:15)
  3 rime drake zombies
  3 vampire mosquito zombies (D:14)
  2 salamander zombies (Snake:4)
  A kobold zombie (Orc:2)
  A komodo dragon zombie (Lair:4)
  3 fire crab zombies
  A warg zombie (Orc:2)
  A gnoll sergeant (D:14)
  2 hell hound zombies (Orc:2)
  A cyclops zombie (D:15)
  2 water moccasin zombies
  A troll zombie (Orc:2)
  23 naga zombies
  3 raiju zombies (Abyss:2)
  3 yak zombies
  An electric eel (Snake:1)
  54 human zombies
  2 orc priests (Orc:2)
  A boggart zombie (Vaults:2)
  2 orc wizards (Orc:2)
  3 killer bee zombies (D:11)
  9 ogre zombies
  6 ice beast zombies (IceCv)
  An iguana zombie (D:14)
  4 jelly zombies (Lair:5)
  A worm zombie (Zig:5)
  A worm (shapeshifter) (Zig:5)
  2 orcs (Orc:2)
  31 orc zombies
  19 foxfires
  33 starspawn tentacles
  27 tentacles (Abyss:4)
681 creatures vanquished.

Grand Total: 3278 creatures vanquished

Notes
Turn   | Place    | Note
-------+----------+-------------------------------------------
     0 | D:1      | jt the Ghoul Monk began the quest for the Orb.
     0 | D:1      | Reached XP level 1. HP: 19/19 MP: 1/1
    61 | D:1      | Reached skill level 1 in Stealth
    74 | D:1      | Reached XP level 2. HP: 16/26 MP: 2/2
   667 | D:1      | Reached XP level 3. HP: 24/31 MP: 3/3
  1109 | D:2      | Found a faded altar of an unknown god.
  1149 | D:2      | Prayed at the altar of an unknown god.
  1149 | D:2      | Became a worshipper of Kikubaaqudgha
  1149 | D:2      | Reached * piety under Kikubaaqudgha
  1149 | D:2      | Received a gift from Kikubaaqudgha
  1149 | D:2      | Reached ** piety under Kikubaaqudgha
  1310 | D:2      | Identified the +2 dagger of Neuragh {flame, Fly rF++ rC-
                  | SInv}
  1747 | D:3      | Reached *** piety under Kikubaaqudgha
  1747 | D:3      | Received a gift from Kikubaaqudgha
  1748 | D:3      | Reached skill level 5 in Unarmed Combat
  1748 | D:3      | Reached XP level 4. HP: 38/38 MP: 4/4
  1982 | D:3      | Reached XP level 5. HP: 45/45 MP: 5/5
  2307 | D:3      | Found a shimmering blue altar of Sif Muna.
  2403 | D:4      | Reached skill level 1 in Armour
  2525 | D:4      | Found a staircase to the Ecumenical Temple.
  2537 | Temple   | Entered the Ecumenical Temple
  2601 | D:4      | Reached XP level 6. HP: 43/51 MP: 6/6
  2677 | D:4      | Found a sparkling altar of Nemelex Xobeh.
  2686 | D:4      | Found a shadowy altar of Dithmenos.
  2888 | D:4      | Found a shimmering altar of Xom.
  3023 | D:4      | Found a hazy altar of Hepliaklqana.
  3119 | D:4      | Found a faded altar of an unknown god.
  3190 | D:5      | Entered Level 5 of the Dungeon
  3228 | D:5      | Found Goonel's One-of-a-Kind Rings.
  3271 | D:5      | Found Veass's Lightly-Used Armoury.
  3280 | D:5      | Reached **** piety under Kikubaaqudgha
  3437 | D:5      | Found a runed translucent door.
  3437 | D:5      | Noticed bumbalina's ghost (novice FoEE)
  3452 | D:5      | Reached XP level 7. HP: 57/57 MP: 7/7
  3686 | D:5      | Reached skill level 1 in Evocations
  3836 | D:5      | Reached XP level 8. HP: 54/63 MP: 8/8
  4019 | D:5      | Found an ancient bone altar of Kikubaaqudgha.
  4428 | D:6      | Found a glowing drain.
  4439 | Sewer    | Entered a sewer
  4457 | Sewer    | Reached ***** piety under Kikubaaqudgha
  4655 | Sewer    | Reached skill level 5 in Evocations
  4655 | Sewer    | Reached XP level 9. HP: 62/70 MP: 9/9
  5236 | D:6      | Reached skill level 10 in Unarmed Combat
  5275 | D:6      | Found an iron altar of Okawaru.
  5421 | D:6      | Found a bloodstained altar of Trog.
  6195 | D:7      | Noticed Maggie
  6201 | D:7      | Killed Maggie
  6202 | D:7      | Reached skill level 5 in Fighting
  6202 | D:7      | Reached skill level 5 in Armour
  6243 | D:7      | Noticed an unseen horror
  6251 | D:7      | Killed an unseen horror
  6252 | D:7      | Reached XP level 10. HP: 68/83 MP: 10/10
  6388 | D:7      | Found a transporter.
  6395 | D:7      | Noticed Tenar's ghost (novice DsCA)
  6403 | D:7      | You fall into a shaft and drop 3 floors!
  6403 | D:10     | Entered Level 10 of the Dungeon
  6515 | D:10     | Found a flagged portal.
  6563 | Bailey   | Entered a bailey
  6831 | Bailey   | Reached ****** piety under Kikubaaqudgha
  6839 | Bailey   | Reached skill level 1 in Necromancy
  6839 | Bailey   | Noticed an orc knight
  6842 | Bailey   | Noticed an orc knight
  6849 | Bailey   | Reached skill level 1 in Spellcasting
  6852 | Bailey   | Killed an orc knight
  6853 | Bailey   | Reached skill level 2 in Necromancy
  6967 | Bailey   | Killed an orc knight
  6968 | Bailey   | Reached skill level 3 in Necromancy
  7120 | D:10     | Found a snail-covered altar of Cheibriados.
  7243 | D:8      | Reached skill level 4 in Necromancy
  7480 | D:8      | Received a gift from Kikubaaqudgha (forbidden knowledge)
  7506 | D:8      | Reached skill level 5 in Necromancy
  7506 | D:8      | Reached XP level 11. HP: 74/92 MP: 17/17
  7644 | D:8      | Noticed Pikel
  7652 | D:8      | Killed Pikel
  7764 | D:8      | Found a staircase to the Lair.
  7872 | Lair:1   | Entered Level 1 of the Lair of Beasts
  7915 | Lair:1   | Reached skill level 5 in Spellcasting
  7915 | Lair:1   | Reached skill level 6 in Necromancy
  8178 | Lair:1   | Identified the +1 pair of boots of Patterns {rElec rN+++
                  | Dex-4 Slay+5}
  8842 | Lair:1   | Reached skill level 7 in Necromancy
  9349 | D:9      | Noticed a two-headed ogre
  9352 | D:9      | Killed a two-headed ogre
  9353 | D:9      | Reached skill level 8 in Necromancy
  9358 | D:9      | Learned a level 3 spell: Vampiric Draining
  9363 | D:9      | Learned a level 4 spell: Dispel Undead
  9399 | D:9      | Identified a scroll of acquirement
  9400 | D:9      | Acquired jt's Compendium of Ghoulish Battle Magic
  9407 | D:9      | Learned a level 4 spell: Animate Dead
  9412 | D:9      | Learned a level 4 spell: Anguish
  9762 | D:7      | Found a transporter.
  9833 | D:7      | Found a sacrificial altar of Ru.
  9854 | D:7      | Found a burning altar of Makhleb.
  9973 | D:5      | Bought the ring of Ciecefih {^Drain rElec rCorr Int+7} for
                  | 517 gold pieces
 10012 | D:5      | Killed bumbalina's ghost
 10229 | D:9      | Found a runed translucent gate.
 10229 | D:9      | Found a runed translucent gate.
 10229 | D:9      | Found a runed translucent gate.
 10229 | D:9      | Noticed alja1234's ghost (journeyman FoSu)
 10232 | D:9      | Found a basalt altar of Yredelemnul.
 10246 | D:9      | Reached XP level 12. HP: 84/100 MP: 22/22
 10342 | D:9      | Reached skill level 9 in Necromancy
 10920 | D:10     | Reached skill level 10 in Necromancy
 11855 | D:11     | Reached skill level 1 in Hexes
 11908 | D:11     | Reached skill level 11 in Necromancy
 12031 | D:11     | Found a staircase to the Orcish Mines.
 12271 | D:11     | Noticed Maurice
 12277 | D:11     | Killed Maurice
 12683 | Orc:1    | Entered Level 1 of the Orcish Mines
 12692 | Orc:1    | Noticed an orc high priest
 12709 | Orc:1    | Killed an orc high priest
 13056 | Orc:1    | Noticed a two-headed ogre
 13061 | Orc:1    | Killed a two-headed ogre
 13235 | Orc:1    | Reached skill level 12 in Necromancy
 13235 | Orc:1    | Reached XP level 13. HP: 71/105 MP: 16/23
 13433 | Orc:2    | Entered Level 2 of the Orcish Mines
 13453 | Orc:2    | Noticed Donald
 13463 | Orc:2    | Killed Donald
 13507 | Orc:2    | Noticed Saint Roka
 13850 | D:5      | Bought the ring of the Hippo {rF+ Str+6} for 600 gold
                  | pieces
 13971 | D:7      | Killed Tenar's ghost
 14129 | D:12     | Found a runed translucent gate.
 14130 | D:12     | Found a runed translucent gate.
 14131 | D:12     | Found a runed translucent gate.
 14134 | D:12     | Noticed Kileenk's ghost (journeyman MiFi)
 14134 | D:12     | Noticed Adeuro's ghost (journeyman TeSu)
 14261 | D:12     | Reached skill level 5 in Hexes
 14663 | D:12     | Noticed Josephine
 14673 | D:12     | Killed Josephine
 14682 | D:12     | Reached skill level 13 in Necromancy
 14990 | D:12     | Identified the +0 ring mail of Emuu {^Contam rElec Int+9
                  | Stlth-}
 15640 | D:13     | Noticed Sonja
 15651 | D:13     | Killed Sonja
 16465 | D:13     | Found a runed translucent door.
 16797 | D:14     | Reached XP level 14. HP: 47/113 MP: 8/24
 16883 | D:14     | Found a frozen archway.
 17026 | D:14     | Found Egutuulu's Book Shoppe.
 17199 | IceCv    | Entered an ice cave
 17280 | IceCv    | Reached skill level 14 in Necromancy
 18071 | IceCv    | Identified the +0 barding of Fortification {Fly Int+2
                  | Dex+3}
 18500 | IceCv    | Noticed a reaper
 18504 | IceCv    | Noticed a reaper
 18520 | IceCv    | Noticed a reaper
 18527 | IceCv    | Killed a reaper
 18540 | IceCv    | Killed a reaper
 18845 | IceCv    | Killed a reaper
 19320 | D:14     | Noticed Nessos
 19344 | D:14     | Killed Nessos
 19345 | D:14     | Reached skill level 5 in Dodging
 19415 | D:14     | Noticed Rupert
 19624 | Orc:2    | Killed Saint Roka
 19625 | Orc:2    | Reached skill level 15 in Necromancy
 19921 | Orc:2    | Found Taca's General Store.
 19931 | Orc:2    | Bought a potion of heal wounds for 80 gold pieces
 20292 | Orc:2    | Noticed an orc warlord
 20696 | D:14     | Killed Rupert
 20870 | D:14     | Found a gate to the Vaults.
 20909 | D:14     | Found Zannaf's Weapon Shop.
 20924 | D:14     | Found Jagalepai's Magic Scroll Boutique.
 20932 | D:14     | Bought a scroll of torment for 123 gold pieces
 20956 | D:14     | Reached XP level 15. HP: 94/118 MP: 25/25
 21134 | D:14     | Noticed Roxanne
 21538 | Orc:2    | Noticed Azrael
 21550 | Orc:2    | Killed Azrael
 21613 | Orc:2    | Killed an orc warlord
 22085 | Orc:2    | Found a staircase to the Elven Halls.
 22238 | Orc:2    | Learned a level 6 spell: Death Channel
 22534 | Orc:2    | Found Hifier's General Store.
 22548 | Orc:2    | Bought a potion of enlightenment for 85 gold pieces
 22566 | Orc:2    | Found Rowez's Antique Weapon Emporium.
 22696 | Orc:2    | Found Naovaun's Antique Armour Emporium.
 22711 | Orc:2    | Found Fegink's Book Emporium.
 22734 | Orc:2    | Bought a spiked helmet for 218 gold pieces
 22734 | Orc:2    | Identified the +0 helmet of the Orcish Mines {rF++} (You
                  | bought it in a shop on level 2 of the Orcish Mines)
 23259 | D:12     | Killed Kileenk's ghost
 23265 | D:12     | Killed Adeuro's ghost
 23266 | D:12     | Reached skill level 16 in Necromancy
 23896 | D:14     | Found Kotav's Assorted Antiques.
 23934 | D:15     | Entered Level 15 of the Dungeon
 23989 | D:14     | Reached skill level 1 in Throwing
 24330 | D:15     | Reached skill level 1 in Shields
 24446 | D:15     | Found a portal to a secret trove of treasure.
 25503 | D:15     | Reached skill level 5 in Shields
 25516 | D:15     | Found a staircase to the Depths.
 26087 | Lair:3   | Found a staircase to the Snake Pit.
 26165 | Lair:3   | Found a staircase to the Shoals.
 26187 | Lair:3   | Found a sparkling altar of Nemelex Xobeh.
 26438 | Lair:4   | Reached XP level 16. HP: 101/126 MP: 8/26
 26719 | Lair:5   | Entered Level 5 of the Lair of Beasts
 26735 | Lair:5   | Found a staircase to the Slime Pits.
 26743 | Lair:5   | Found a viscous altar of Jiyva.
 27433 | Lair:5   | Identified the +4 mace of the Philosopher {distort, SInv}
 27435 | Lair:5   | Identified the +3 leather armour "Sutuczah" {rC+ Str+4
                  | Dex-5}
 27531 | Lair:5   | Found a corrupted altar of Lugonu.
 27531 | Lair:5   | Found a one-way gate to the infinite horrors of the Abyss.
 27554 | Lair:5   | Got an earthy gem with 1114 turns to spare
 27557 | Lair:5   | Identified the +2 leather armour of the Arcane {Str+3}
 27804 | Depths:1 | Entered Level 1 of the Depths
 28011 | Snake:1  | Entered Level 1 of the Snake Pit
 28057 | Snake:1  | Found Rilualith's Distillery.
 28057 | Snake:1  | Found Gadovon's Armour Emporium.
 28073 | Snake:1  | Found Zasimeor's Armour Shoppe.
 28077 | Snake:1  | Bought a potion of curing for 48 gold pieces
 28077 | Snake:1  | Bought a potion of curing for 48 gold pieces
 28866 | Snake:2  | Noticed a nagaraja
 28874 | Snake:2  | Killed a nagaraja
 28901 | Snake:2  | Found a runed translucent door.
 28906 | Snake:2  | Noticed Nidiz's ghost (adept HOCA)
 28916 | Snake:2  | Killed Nidiz's ghost
 29094 | Snake:2  | Found Acveul's Tiny Tomes.
 29280 | Snake:3  | Found a runed translucent gate.
 29281 | Snake:3  | Found a runed translucent gate.
 29281 | Snake:3  | Noticed t4s4d4r's ghost (adept OnFi)
 29330 | Snake:3  | Found a runed translucent gate.
 29363 | Snake:3  | Noticed a nagaraja
 29592 | Snake:3  | Reached XP level 17. HP: 99/132 MP: 21/29
 29630 | Snake:4  | Entered Level 4 of the Snake Pit
 29648 | Snake:4  | Found Pehaimog's Antique Armour Shop.
 29673 | Snake:4  | Reached skill level 17 in Necromancy
 29837 | Snake:4  | Found a runed translucent gate.
 29837 | Snake:4  | Found a runed translucent gate.
 29838 | Snake:4  | Found a runed translucent gate.
 29838 | Snake:4  | Noticed Raspi's ghost (adept TrSh)
 29854 | Snake:4  | Killed Raspi's ghost
 30027 | Snake:4  | Reached skill level 10 in Shields
 30386 | Snake:4  | Reached skill level 10 in Hexes
 31415 | Snake:4  | Found Fymn's Tremendous Tomes.
 31569 | Snake:4  | Reached skill level 18 in Necromancy
 32440 | Snake:4  | Got a serpentine rune of Zot
 32948 | Snake:3  | Found Zoto's Weapon Boutique.
 33007 | Snake:3  | Killed t4s4d4r's ghost
 33016 | Snake:3  | Reached XP level 18. HP: 80/139 MP: 5/30
 33024 | Snake:3  | Got the Secrets of Incorporation
 33120 | Snake:3  | Noticed Vashnia
 34903 | Vaults:1 | Entered Level 1 of the Vaults
 34966 | Vaults:1 | Noticed Norris
 34978 | Vaults:1 | Killed Norris
 35023 | Vaults:1 | Reached skill level 19 in Necromancy
 36204 | Vaults:1 | Found Kozxorch's Distillery.
 36208 | Vaults:1 | Bought 2 potions of heal wounds for 210 gold pieces
 36541 | Vaults:1 | Learned a level 3 spell: Fugue of the Fallen
 37138 | Vaults:2 | Reached skill level 5 in Stealth
 37264 | Vaults:2 | Found a crumbling gateway.
 37279 | Desolati | Entered the Desolation of Salt
 37641 | Desolati | Identified the +0 chain mail "Ahynorri" {^Contam Rampage
                  | +Blink rC++}
 37742 | Desolati | Reached XP level 19. HP: 124/149 MP: 23/31
 37783 | Desolati | Identified the ring of Joif {Str+2 Slay+2 SInv}
 37785 | Desolati | Identified the +0 hat of Patterns {+Inv}
 37901 | Desolati | Identified the ring "Talien" {rPois rN+ MP+9 Dex+3 Stlth-}
 38151 | Desolati | Identified the +8 morningstar of Benevolence {antimagic,
                  | Str+2}
 38156 | Desolati | Identified the staff of Iptocwau {rElec Will+ Str+6 Dex-3
                  | Necro Air}
 39160 | Vaults:2 | Noticed Bai Suzhen
 39488 | Depths:1 | Found Soasucim's General Store.
 39496 | Depths:1 | Found Abbeffes's Specific Store.
 39697 | Depths:1 | You fall into a shaft and drop 1 floor!
 39697 | Depths:2 | Found a one-way gate leading to the halls of Pandemonium.
 39769 | Depths:2 | Noticed a golden dragon
 39783 | Depths:2 | Killed a golden dragon
 39784 | Depths:2 | Reached skill level 10 in Fighting
 40064 | Depths:2 | Identified the ring of Pocriy {rF+ MP+9 Slay+4}
 40359 | Depths:1 | Noticed Mara
 40381 | Depths:1 | Noticed jt's illusion
 40810 | Depths:2 | Reached skill level 20 in Necromancy
 40820 | Depths:2 | Reached skill level 10 in Spellcasting
 41650 | Depths:2 | Found an ornate altar of the Wu Jian Council.
 41962 | Depths:2 | Found a gateway to Hell.
 41987 | Depths:2 | Reached XP level 20. HP: 92/163 MP: 14/34
 43311 | Depths:2 | Found a runed translucent door.
 43312 | Depths:2 | Found a runed translucent door.
 43633 | Depths:2 | Noticed a golden dragon
 43637 | Depths:2 | Noticed a caustic shrike
 43645 | Depths:2 | Killed a golden dragon
 43674 | Depths:2 | Reached skill level 10 in Armour
 43889 | Depths:2 | Identified the ring of Piraocio {rElec rPois rC+ Dex+2}
 44363 | Depths:2 | Identified the ring "Perir" {rN+ Str+2}
 44375 | Depths:2 | Identified the ring "Wattocaa" {rPois rC+ rN+ rCorr Dex-5}
 44638 | Depths:1 | Noticed jt's illusion
 45188 | Shoals:1 | Entered Level 1 of the Shoals
 47491 | Shoals:3 | Reached skill level 21 in Necromancy
 48037 | Shoals:4 | Entered Level 4 of the Shoals
 48137 | Shoals:4 | Got a barnacled rune of Zot
 48328 | Shoals:4 | Reached XP level 21. HP: 140/178 MP: 18/35
 48505 | Shoals:4 | Identified the +2 kite shield "Huhyuch" {Regen+}
 48629 | Shoals:4 | Noticed Polyphemus
 48652 | Shoals:4 | Reached skill level 15 in Unarmed Combat
 48657 | Shoals:4 | Killed Polyphemus
 49288 | D:9      | Killed alja1234's ghost
 49464 | Elf:1    | Entered Level 1 of the Elven Halls
 49709 | Elf:1    | Found Akhlok's Weapon Shoppe.
 50382 | Elf:2    | Found Dieddoit's Assorted Antiques.
 50935 | Elf:2    | Found a huge runed translucent gate.
 50935 | Elf:2    | Found a huge runed translucent gate.
 50935 | Elf:2    | Found a huge runed translucent gate.
 50935 | Elf:2    | Found a huge runed translucent gate.
 50935 | Elf:2    | Found a huge runed translucent gate.
 51139 | Elf:3    | Entered Level 3 of the Elven Halls
 51160 | Elf:3    | Paralysed by an air elemental for 1 turns
 52531 | Elf:3    | Identified the +5 short sword "Liekuffum" {vamp, rF- Str+3
                  | Int+3}
 52558 | Elf:3    | Reached XP level 22. HP: 107/190 MP: 23/36
 52865 | Elf:3    | Identified the ring of the Sturgeon {Will+ AC+4 Int+2 Dex-2
                  | Stlth+}
 53147 | Elf:3    | Got Asmodeus's Octavo of Gathered Kinetic Energy
 53160 | Elf:3    | Identified the +7 ring mail of Greed {Will+ SInv Stlth+}
 53169 | Elf:3    | Identified the +3 scale mail "Migepece" {Dex+6}
 53172 | Elf:3    | Identified the staff "Siaquc" {rElec rF+ Str-3 Int+4 Air}
 53174 | Elf:3    | Identified the ring "Qetidden" {Will+ MP-9 Int+2 Dex+3}
 53337 | Elf:3    | Learned a level 5 spell: Borgnjor's Vile Clutch
 53352 | Elf:3    | Learned a level 8 spell: Infestation
 53757 | Vaults:2 | Reached skill level 1 in Earth Magic
 54008 | Vaults:2 | Reached skill level 22 in Necromancy
 54039 | Vaults:2 | Reached skill level 15 in Fighting
 54396 | Vaults:2 | Killed Bai Suzhen
 55749 | Vaults:3 | Found a staircase to the Crypt.
 55749 | Vaults:3 | Found a basalt altar of Yredelemnul.
 55750 | Vaults:3 | Found an ancient bone altar of Kikubaaqudgha.
 55799 | Vaults:3 | Noticed Boris
 56085 | Vaults:3 | Reached skill level 5 in Earth Magic
 56150 | Vaults:3 | Killed Boris
 56828 | Vaults:4 | Reached XP level 23. HP: 167/201 MP: 20/37
 57241 | Vaults:4 | Found Zisiem's Antique Weapon Shoppe.
 57935 | Vaults:5 | Entered Level 5 of the Vaults
 58529 | Depths:3 | Found a one-way gateway to a ziggurat.
 58723 | Depths:3 | Found a transporter.
 58901 | Depths:3 | Found a corrupted altar of Lugonu.
 58942 | Depths:3 | Found a transporter.
 59274 | Depths:4 | Entered Level 4 of the Depths
 59308 | Depths:4 | Found Keoffe Kole's Antique Weapon Boutique.
 59414 | Depths:4 | Noticed a golden dragon
 59436 | Depths:4 | Killed a golden dragon
 59560 | Depths:4 | Noticed a caustic shrike
 59560 | Depths:4 | Noticed a caustic shrike
 59563 | Depths:4 | Noticed a caustic shrike
 59571 | Depths:4 | Killed a caustic shrike
 59572 | Depths:4 | Reached skill level 23 in Necromancy
 59574 | Depths:4 | Killed a caustic shrike
 59576 | Depths:4 | Killed a caustic shrike
 59613 | Depths:4 | Noticed the Enchantress
 59625 | Depths:4 | Killed the Enchantress
 59888 | Depths:4 | Found the +27 heavy crossbow "Sniper" {heavy, Acc+∞ SInv}
 59890 | Depths:4 | Noticed a golden dragon
 59905 | Depths:4 | Identified the staff of the Inquisitive Knives {rElec Int+4
                  | Air}
 59908 | Depths:4 | Identified the +1 leather armour of Sourch {rN+ rCorr Dex+2
                  | SInv}
 60042 | Depths:4 | Reached XP level 24. HP: 170/214 MP: 22/39
 60057 | Depths:4 | Found a gate to the Realm of Zot.
 60249 | Depths:4 | Identified the +1 war axe of Inquiry {venom, rPois}
 60728 | Depths:4 | Acquired 1063 gold pieces
 60833 | Depths:3 | Identified the amulet of Vuunonty {Spirit Will- Int+7
                  | Stlth-}
 60846 | Depths:3 | Identified the ring of Eternal Night {Ice rElec rN+ Stlth+}
 60849 | Depths:3 | Identified the staff "Sufeasat" {rPois rN+ MP+9 Dex-2 Conj
                  | Necro}
 61367 | Depths:1 | Noticed jt's illusion
 61378 | Depths:1 | Killed Mara
 61591 | Depths:1 | Identified the +0 cloak of Amorality {Rampage Int+4}
 62025 | Depths:3 | Voluntarily entered the Abyss.
 62529 | Depths:3 | Escaped the Abyss
 62536 | Depths:3 | Voluntarily entered the Abyss.
 62547 | Abyss:1  | Found a corrupted altar of Lugonu.
 62598 | Abyss:1  | Found a corrupted altar of Lugonu.
 62614 | Depths:3 | Escaped the Abyss
 62619 | Depths:3 | Voluntarily entered the Abyss.
 62644 | Depths:3 | Escaped the Abyss
 62646 | Depths:3 | Voluntarily entered the Abyss.
 62655 | Abyss:1  | Found a corrupted altar of Lugonu.
 62753 | Abyss:1  | Learned a level 2 spell: Passwall
 62878 | Abyss:1  | Reached skill level 1 in Alchemy
 63172 | Abyss:2  | Found a corrupted altar of Lugonu.
 63199 | Abyss:2  | Noticed a dread lich
 63210 | Abyss:2  | Killed a dread lich
 63329 | Depths:3 | Escaped the Abyss
 63377 | Depths:3 | Voluntarily entered the Abyss.
 63400 | Abyss:2  | Found an iron altar of Okawaru.
 63437 | Abyss:2  | Found a corrupted altar of Lugonu.
 63530 | Abyss:2  | Found a corrupted altar of Lugonu.
 63624 | Abyss:2  | Found a corrupted altar of Lugonu.
 63692 | Depths:3 | Escaped the Abyss
 63810 | Depths:3 | Voluntarily entered the Abyss.
 63914 | Abyss:4  | Found a corrupted altar of Lugonu.
 64087 | Abyss:4  | Reached skill level 24 in Necromancy
 64242 | Abyss:4  | Noticed an ancient lich
 64246 | Abyss:4  | Killed an ancient lich
 64247 | Abyss:4  | Reached XP level 25. HP: 146/226 MP: 31/39
 64249 | Depths:3 | Escaped the Abyss
 64335 | Depths:3 | Voluntarily entered the Abyss.
 64352 | Abyss:4  | Found a corrupted altar of Lugonu.
 64367 | Abyss:4  | Found a corrupted altar of Lugonu.
 64367 | Abyss:4  | Found a corrupted altar of Lugonu.
 64470 | Abyss:4  | Got an abyssal rune of Zot
 64506 | Abyss:4  | Noticed a dread lich
 64518 | Abyss:4  | Killed a dread lich
 64521 | Depths:3 | Escaped the Abyss
 64583 | Zot:1    | Entered Level 1 of the Realm of Zot
 64864 | Crypt:1  | Entered Level 1 of the Crypt
 65051 | Crypt:1  | Found an ancient bone altar of Kikubaaqudgha.
 65279 | Crypt:1  | You fall into a shaft and drop 1 floor!
 65532 | Crypt:3  | Entered Level 3 of the Crypt
 65663 | Crypt:3  | Found an ancient bone altar of Kikubaaqudgha.
 65859 | Crypt:3  | Noticed a dread lich
 65861 | Crypt:3  | Identified the +9 whip "Vixotudgh" {antimagic, Int+5}
 65863 | Crypt:3  | Got an ivory gem with 899 turns to spare
 65866 | Crypt:3  | Killed a dread lich
 65871 | Crypt:3  | Identified the amulet "Deom" {RegenMP Str+2 SInv}
 65884 | Crypt:3  | Identified the +2 pair of gloves of Trumpets {*Corrode +Inv
                  | rF+}
 65886 | Crypt:3  | Identified the scarf "Loijatao" {rC+ rF+, rN+ Str+2 Int+3
                  | Slay+2}
 66481 | Crypt:3  | Noticed Grunn
 66489 | Crypt:3  | Killed Grunn
 66516 | Crypt:3  | Found a staircase to the Tomb.
 66803 | Crypt:3  | Lost the ivory gem through the power of Zot.Gained a life
                  | (10 lives remaining)
 67811 | Crypt:2  | Reached XP level 26. HP: 239/239 MP: 35/39
 69038 | Orc:2    | Bought an Everburning Encyclopedia for 646 gold pieces
 69038 | Orc:2    | Bought a manual of Dodging for 1360 gold pieces
 69038 | Orc:2    | Bought a book of Spatial Translocations for 306 gold pieces
 69041 | Orc:2    | Learned a level 2 spell: Blink
 69088 | Orc:2    | Bought a scroll of teleportation for 48 gold pieces
 69088 | Orc:2    | Bought 2 potions of curing for 96 gold pieces
 69205 | D:14     | Bought a scroll of revelation for 247 gold pieces
 69205 | D:14     | Bought a potion of curing for 99 gold pieces
 69282 | Vaults:1 | Bought a potion of haste for 210 gold pieces
 69282 | Vaults:1 | Bought a potion of enlightenment for 105 gold pieces
 69282 | Vaults:1 | Bought a potion of heal wounds for 105 gold pieces
 69282 | Vaults:1 | Bought a potion of might for 84 gold pieces
 69282 | Vaults:1 | Bought a potion of might for 84 gold pieces
 69423 | Vaults:5 | Reached skill level 1 in Translocations
 69426 | Vaults:5 | Reached skill level 25 in Necromancy
 69432 | Vaults:5 | Noticed Sojobo
 69436 | Vaults:5 | Paralysed by an air elemental for 1 turns
 69442 | Vaults:5 | Paralysed by an air elemental for 1 turns
 69446 | Vaults:5 | Killed Sojobo
 69592 | Vaults:5 | Identified the +6 sling of the Swamp {flame, rPois rC++
                  | rN+}
 69611 | Vaults:5 | Noticed a dread lich
 69617 | Vaults:5 | Killed a dread lich
 69656 | Vaults:5 | Got a silver rune of Zot
 69709 | Vaults:5 | Your ally Sojobo died
 69716 | Vaults:5 | Reached skill level 5 in Translocations
 69852 | Vaults:5 | Identified the +3 ring mail "Cunu" {Dex+2}
 70152 | Vaults:5 | Identified the +0 plate armour of Qicod {*Slow rF+ rN+}
 70245 | Vaults:5 | Reached XP level 27. HP: 178/246 MP: 36/40
 70522 | Vaults:5 | Noticed an ancient lich
 70528 | Vaults:5 | Killed an ancient lich
 71294 | Zig:1    | Entered Level 1 of a ziggurat
 71294 | Zig:1    | Noticed Lejahoqo the pandemonium lord
 71306 | Zig:1    | Killed Lejahoqo the pandemonium lord
 71325 | Zig:2    | Entered Level 2 of a ziggurat
 71377 | Zig:3    | Entered Level 3 of a ziggurat
 71421 | Zig:4    | Entered Level 4 of a ziggurat
 71422 | Zig:4    | Noticed an ancient lich
 71429 | Zig:4    | Killed an ancient lich
 71481 | Zig:5    | Entered Level 5 of a ziggurat
 71532 | Zig:5    | Identified the amulet of Gidegas {Rampage ^Drain rC++ rN+
                  | Regen+}
 71536 | Zig:5    | Identified the +7 flail of Cobwebs {freeze, Dex+2}
 71589 | Zig:6    | Entered Level 6 of a ziggurat
 71596 | Zig:6    | Noticed a dread lich
 71596 | Zig:6    | Noticed an ancient lich
 71603 | Zig:6    | Killed an ancient lich
 71610 | Zig:6    | Killed a dread lich
 71611 | Zig:6    | Reached skill level 10 in Dodging
 71683 | Zig:7    | Entered Level 7 of a ziggurat
 71746 | Zig:7    | Reached skill level 26 in Necromancy
 71753 | Zig:7    | Learned a level 4 spell: Passage of Golubria
 71823 | Zig:8    | Entered Level 8 of a ziggurat
 71831 | Zig:8    | Paralysed by an air elemental for 1 turns
 71853 | Zig:8    | Identified the +1 longbow of Ragnarok {antimagic, +Blink
                  | Will+ Int+3 Dex+2}
 71859 | Zig:9    | Entered Level 9 of a ziggurat
 71946 | Zig:9    | Learned a level 4 spell: Vhi's Electric Charge
 71947 | Zig:10   | Entered Level 10 of a ziggurat
 71978 | Zig:10   | Identified the amulet of Tinatopy {^Drain rElec Regen+
                  | Str+3 Dex+5}
 71981 | Zig:10   | Identified the +10 mace "Nohoo" {pain, ^Fragile Will+
                  | Str+3}
 71983 | Zig:10   | Got the Omnibus of the Syncline
 71991 | Zig:11   | Entered Level 11 of a ziggurat
 72003 | Zig:11   | Reached skill level 10 in Translocations
 72017 | Zig:11   | Found the amulet of the Four Winds {rN+ Will+++ Clar}
 72018 | Zig:11   | Found the +7 great mace "Firestarter" {flame, immolate,
                  | rFlCloud rF++}
 72031 | Zig:11   | Identified the +3 dire flail of Famine {venom, Int+4}
 72049 | Zig:11   | Got the Octavo of Embers and the Atmosphere
 72052 | Zig:11   | Got Naheynug's Tractate on the Anticline and Despicable
                  | Rites
 72054 | Zig:11   | Identified the +0 pair of boots of Posoll {rPois rN+ Dex+3
                  | Slay+2}
 72061 | Zig:12   | Entered Level 12 of a ziggurat
 72113 | Zig:12   | Identified the staff of Malum Prohibitum {+Blink rElec rC-
                  | Int+5 Air}
 72126 | Zig:12   | Identified the ring "Rofeadun" {Fly rElec rC- Str+6}
 72128 | Zig:12   | Identified the staff "Anemmih" {rF+ Str-2 Int+4 Stlth+
                  | Fire}
 72177 | Zig:13   | Entered Level 13 of a ziggurat
 72201 | Zig:13   | Reached skill level 15 in Spellcasting
 72214 | Zig:13   | Identified the staff of the Sea {rPois Hexes Summ Tloc
                  | Alchemy}
 72225 | Zig:13   | Got Sif Muna's Precepts of Disjunct Battle Magic
 72237 | Zig:14   | Entered Level 14 of a ziggurat
 72271 | Zig:14   | Found the +2 shield of Resistance {rF++ rC++ Will++}
 72293 | Zig:14   | Identified the +1 short sword "Paliw" {pain, rElec rF- rC++
                  | Int+2}
 72297 | Zig:14   | Identified the +3 hand axe "Weebos" {holy, ^Contam Int+2
                  | SInv}
 72318 | Zig:14   | Learned a level 6 spell: Dispersal
 72330 | Zig:15   | Entered Level 15 of a ziggurat
 72375 | Zig:15   | Found the +8 pair of quick blades "Gyre" and "Gimble"
                  | {protect}
 72412 | Zig:15   | Identified the staff "Zyekac" {rElec rN+ Int+5 Air}
 72487 | Zig:16   | Entered Level 16 of a ziggurat
 72509 | Zig:16   | Paralysed by an air elemental for 1 turns
 72515 | Zig:16   | Paralysed by an air elemental for 1 turns
 72533 | Zig:16   | Paralysed by an air elemental for 1 turns
 72925 | Zot:2    | Noticed an orb of fire
 72942 | Zot:2    | Killed an orb of fire
 73361 | Zot:2    | Identified the +0 ring mail "Vuripos" {Dex+2}
 74248 | Zot:5    | Entered Level 5 of the Realm of Zot
 74276 | Zot:5    | Reached skill level 27 in Necromancy
 74472 | Zot:5    | Noticed a dread lich
 74479 | Zot:5    | Noticed an orb of fire
 74481 | Zot:5    | Killed a dread lich
 74502 | Zot:5    | Killed an orb of fire
 74507 | Zot:5    | Reached skill level 15 in Translocations
 74785 | Zot:5    | Got the Orb of Zot
 75167 | D:9      | Noticed Icox the pandemonium lord
 75355 | D:$      | Escaped with the Orb!

Illustrated notes

Levels and vault maps discovered:
D:1:      roderic_dead_forest, layout_loops_corners
D:2:      layout_basic, shapermc_ecumenical_altar_starsandcircs, minmay_cut_off
D:3:      layout_loops_corners, led_sif_pool
D:4:      layout_loops_cross, mainiacjoe_overflow_alcove_4, old_standard_altar,
          nicolae_dithmenos_the_darkroom, beargit_hepliaklqana_dungeon_heroes,
          minmay_temple_entry_large_hall
D:5:      layout_loops_ring, lemuel_mausoleum_altar_kikubaaqudgha,
          mainiacjoe_overflow_brackets, hellmonk_ghost_happy_afterlife,
          small_statue_intersection, nicolae_shop_unique_rings,
          minmay_shop_damaged
D:6:      layout_layer_cave, lemuel_round_altar, old_standard_altar,
          gup_sewer_entry_bubbles, kennysheep_big_empty_room,
          kennysheep_generic_room_9
D:7:      layout_rooms, mainiacjoe_overflow_boulevard, nicolae_ru_path_of_blood,
          gammafunk_ghost_stat_death, kennysheep_generic_room_12, uniq_maggie
D:8:      layout_cave_pools, lair_entry_dummy, uniq_pikel
D:9:      layout_roguey, nicolae_yredelemnul_ghost_church
D:10:     layout_loops_ring, mainiacjoe_overflow_cross_hatched, enter_bailey_5
D:11:     layout_roguey, hiddenorc2_lemuel, uniq_maurice
D:12:     layout_loops_cross, gammafunk_ghost_cemetery, uniq_josephine
D:13:     layout_cave_pools, nicolae_danse_macabre, uniq_sonja
D:14:     layout_basic, david_vaults_3, portal_ice_cave_entry_ice_statue_two,
          dk_noncrumbling_4, serial_shops, nicolae_shop_back_alley_shop,
          shop_fountains, shop, nicolae_shop_pleasant_corner_grove, uniq_roxanne
D:15:     hangedman_depths_entry_try_elsewhere_first, layout_rooms,
          nicolae_trove_entry_free_sample
Temple:   nicolae_temple_bog_church
Lair:1:   layout_cave_pods
Lair:2:   layout_big_grid, nicolae_quartered_pool_super, st_stairs_6,
          serial_bayou_shore_b, grunt_megastairs_4, lemuel_fruit_fields
Lair:3:   layout_gridlike, minmay_shoals_entry_centaurs,
          minmay_snake_entry_six_corridors, basic_altar, wad_woods_river_03
Lair:4:   layout_regular_city, tgw_fedhas
Lair:5:   hellmonk_lair_end_abyssal_woods, layout_gridlike,
          minmay_slime_entry_pillars, grunt_megastairs_2,
          infiniplex_staircase_pool, uniq_nessos
Shoals:1: layout_shoals, nicolae_shoals_goliath_grotto
Shoals:2: layout_shoals
Shoals:3: layout_shoals
Shoals:4: shoals_end_grunt_ice, layout_shoals, uniq_polyphemus
Snake:1:  layout_grid_maze, serial_bayou_shore_a, minmay_shop_star,
          grunt_megastairs_1
Snake:2:  layout_basic, ebering_ghost_inner_flame,
          nicolae_shop_i_like_small_books_too
Snake:3:  layout_onion_interference, serial_shops, shop, gammafunk_ghost_split,
          nicolae_elevator_lobby_asterisk, minmay_shoptagon, lemuel_fruit_tree,
          uniq_vashnia
Snake:4:  grunt_snake_rune_serpentine_throne, layout_layer_cave, serial_shops,
          shop, ebering_ghost_rock_garden, serial_bayou_pond_d,
          nicolae_shop_i_like_big_books
Orc:1:    cheibrodos_orc_bank, layout_diamond_mine,
          regret_index_minedec_devilstone
Orc:2:    grunt_orc_cross, layout_diamond_mine, serial_shops, shop,
          uniq_saint_roka, uniq_azrael, uniq_donald
Elf:1:    eino_elf_arrival_sip, layout_loops_ring, serial_shops,
          nicolae_shop_bloodbath_and_beyond, kennysheep_underground_church
Elf:2:    elven_hall_of_blades_hangedman_alternative [nicolae_blade_lattice],
          layout_onion_city, serial_shops, shop
Elf:3:    minmay_elf_hall, layout_onion_city, serial_glass, glass_columns_a,
          glass_columns_b, minivault_16, hex_medium
Vaults:1: serial_library_hellmonk_open_cross, nicolae_vaults_hallways_thing,
          v_misc_24, ontoclasm_vaults_decontamination,
          nicolae_vaults_closet_pinwheel_1, layout_vaults_chaotic_city,
          serial_shops, nicolae_shop_back_alley_shop, uniq_norris
Vaults:2: portal_desolation_entry_ruin, hangedman_vaults_restitches, v_misc_17,
          nicolae_vaults_storage_room_statues, hangedman_vaults_impose,
          v_misc_16, grunt_vaults_funnel, hangedman_surveillance_ring,
          grunt_vaults_hallway_long, nicolae_vaults_closet_pinwheel_3, v_misc_5,
          nicolae_vaults_trapezoid_1, vaults_standard_mumra_x,
          nicolae_vaults_more_shelving_2, layout_vaults_maze_snakey,
          uniq_bai_suzhen
Vaults:3: hangedman_vaults_snaps, v_misc_12, vaults_standard_mumra_lines,
          v_misc_13, nicolae_vaults_what_the_h, grunt_vaults_twisty,
          serial_ice_h, vaults_room_door_ring, v_misc_13,
          minmay_crypt_entry_necro_gods, nicolae_vaults_closet_pinwheel_4,
          hangedman_vaults_stretched_pinwheel, nicolae_vaults_layer_cake_slice,
          nicolae_vaults_security_offices_3, layout_vaults_omnibox, uniq_boris
Vaults:4: hangedman_vaults_pinch, v_pattern_3, nicolae_vaults_network_s,
          hangedman_vaults_corner_blocks, dpeg_vaults_monster_row, v_misc_13,
          nicolae_vaults_theta, nicolae_vaults_sightless_eye,
          vaults_room_corners, v_misc_15, nicolae_vaults_trapezoid_lopsided_3,
          layout_vaults_omnicross, serial_shops, nicolae_shop_behind_doors
Vaults:5: uniq_sojobo
Crypt:1:  layout_regular_city, basic_altar, grunt_megastairs_5
Crypt:2:  layout_rooms
Crypt:3:  evilmike_haunted_forest, uniq_grunn, uniq_margery, uniq_josephina
Depths:1: layout_forbidden_donut, hangedman_coc_ice_floe,
          rand_demon_pan_entry_1, nicolae_specific_store,
          roderic_serpentine_path, elyvilon_altar_1, uniq_mara
Depths:2: minmay_the_grid_triangle_9x9_recursive_3
          [minmay_the_grid_triangle_9x9_descending_squares,
          minmay_the_grid_triangle_9x9_swiss_cheese,
          minmay_the_grid_triangle_9x9_cache,
          minmay_the_grid_triangle_9x9_prize_special,
          minmay_the_grid_triangle_9x9_corrupted_corridor,
          minmay_the_grid_triangle_9x9_flanged_cone,
          minmay_the_grid_triangle_9x9_skeleton,
          minmay_the_grid_triangle_9x9_tough_junction,
          minmay_the_grid_triangle_9x9_zippers_vertical], layout_gridlike,
          hell_entry, pan_entry, nzn_wu_jian_council_hall
Depths:3: gammafunk_its_a_trap, layout_basic, enter_ziggurat_e, hell_entry,
          abyss_entry_flame_altar
Depths:4: evilmike_zot_entry_basic, layout_honeycomb,
          minmay_misc_feat_four_crosses, hell_entry, abyss_entry_crystal,
          serial_shops, shop, drop_trap, minivault_15, water_boxes_lemuel,
          uniq_enchantress
Zot:1:    layout_gridlike
Zot:2:    layout_onion, grunt_ministairs_8
Zot:3:    hangedman_snap_crack_crunch, layout_onion
Zot:4:    layout_onion_interference, regret_index_zotdec_twisting_globes
Zot:5:    layout_cathedral_of_symmetry, grunt_ministairs_13

Skill      XL: |  1  2  3  4  5  6  7  8  9 10 11 12 13 14 15 16 17 18 19 20 21 22 23 24 25 26 27 |
---------------+----------------------------------------------------------------------------------+-----
Stealth        | 1 2 6 7 |  7.0
Unarmed Combat | 4 5 6 7 9 10 11 12 13 14 16 17 18 19 21 | 21.1
Armour         | 1 3 4 5 6 7 9 11 12 13 | 13.0
Evocations     | 2 5 8 |  8.4
Fighting       | 6 7 8 10 13 14 15 17 18 20 | 20.4
Necromancy     | 5 8 12 13 15 16 18 19 20 21 22 23 24 25 27 | 27.0
Spellcasting   | 4 7 8 10 12 13 17 | 17.9
Hexes          | 4 6 7 8 9 10 | 10.0
Dodging        | 3 5 8 13 | 13.7
Throwing       | 2 |  2.0
Shields        | 6 9 11 13 | 13.0
Earth Magic    | 5 |  5.0
Alchemy        | 4 |  4.0
Translocations | 6 15 | 15.5
Air Magic      | 4 |  4.0

Action                     |  1- 3 |  4- 6 |  7- 9 | 10-12 | 13-15 | 16-18 | 19-21 | 22-24 | 25-27 || total
---------------------------+-------+-------+-------+-------+-------+-------+-------+-------+-------++-------
  Melee: Unarmed           |    90 |    66 |   222 |   570 |   598 |   797 |  1187 |  1427 |  1378 ||  6335
         Trident           |       |       |       |       |     8 |       |       |       |       ||     8
         Dagger            |       |       |       |       |       |       |     5 |     7 |       ||    12
  Throw: Stone             |       |     5 |    32 |       |       |       |       |       |       ||    37
         Dart              |       |     2 |     8 |    37 |    37 |    10 |    11 |       |     1 ||   106
   Cast: Vampiric Draining |       |       |       |    11 |    21 |    41 |   114 |    61 |    44 ||   292
         Animate Dead      |       |       |       |     5 |    25 |    19 |    24 |    18 |    20 ||   111
         Anguish           |       |       |       |     3 |    52 |    47 |    67 |    40 |    33 ||   242
         Dispel Undead     |       |       |       |     1 |    57 |    18 |    14 |    20 |    84 ||   194
         Death Channel     |       |       |       |       |    10 |    42 |    52 |    36 |    37 ||   177
         Fugue of the Fall |       |       |       |       |       |     4 |    39 |    20 |    20 ||    83
         Infestation       |       |       |       |       |       |       |       |    35 |    69 ||   104
         Borgnjor's Vile C |       |       |       |       |       |       |       |    14 |    12 ||    26
         Passwall          |       |       |       |       |       |       |       |     6 |     1 ||     7
         Vhi's Electric Ch |       |       |       |       |       |       |       |       |    16 ||    16
         Passage of Golubr |       |       |       |       |       |       |       |       |     4 ||     4
         Blink             |       |       |       |       |       |       |       |       |     3 ||     3
         Dispersal         |       |       |       |       |       |       |       |       |     3 ||     3
 Invoke: Torment           |       |       |       |     1 |     1 |       |     3 |     1 |     8 ||    14
         Receive Forbidden |       |       |       |     1 |       |       |       |       |       ||     1
         Unearth Wretches  |       |       |       |       |     9 |    11 |     6 |       |     6 ||    32
  Evoke: Wand              |       |     3 |     8 |    13 |    40 |     8 |    17 |     1 |     8 ||    98
         Phantom mirror    |       |       |       |       |       |       |     3 |     2 |     6 ||    11
         Tin of tremorston |       |       |       |       |       |       |     4 |     1 |     7 ||    12
         Box of beasts     |       |       |       |       |       |       |     1 |     1 |     1 ||     3
         Lightning rod     |       |       |       |       |       |       |       |       |     6 ||     6
    Use: Scroll            |     3 |     2 |     4 |     4 |    20 |     9 |     9 |    14 |    26 ||    91
         Potion            |     1 |     2 |     1 |     2 |    20 |    10 |     8 |     2 |    25 ||    71
   Stab: Distracted        |     1 |       |       |     1 |     6 |     4 |    21 |    17 |    26 ||    76
         Paralysed         |       |       |       |       |     6 |    12 |     6 |       |     5 ||    29
         Petrified         |       |       |       |       |     1 |       |     1 |       |     1 ||     3
         Sleeping          |       |       |       |       |       |       |       |     9 |     9 ||    18
         Invisible         |       |       |       |       |       |       |       |     2 |       ||     2
 Armour: Robe              |    17 |       |       |       |    91 |       |       |       |       ||   108
         Leather armour    |    13 |       |       |       |       |       |       |       |       ||    13
         Chain mail        |       |    40 |   137 |   493 |   190 |       |       |       |       ||   860
         Crystal plate arm |       |       |       |       |    72 |       |       |       |       ||    72
         Plate armour      |       |       |       |       |   373 |   849 |   981 |    69 |       ||  2272
         Ring mail         |       |       |       |       |       |       |       |   873 |  1348 ||  2221
  Dodge: Dodged            |    42 |    20 |    72 |   210 |   289 |   182 |   189 |   380 |   556 ||  1940
  Block: Kite shield       |       |       |       |       |       |   434 |   959 |  1236 |  1104 ||  3733
         Reflection        |       |       |       |       |       |     3 |    58 |    34 |     3 ||    98

Table legend: (Time is in decaauts)
 A = Elapsed time spent in this place.
 B = Non-inter-level travel time spent in this place.
 C = Inter-level travel time spent in this place.
 D = Time resting spent in this place.
 E = Time spent auto-exploring this place.
 F = Levels seen in this place.
 G = Mean time per level.
                   A        B        C        D        E       F      G
               +--------+--------+--------+--------+--------+-----+--------+
         Total |  74362 |  68036 |   6326 |  19211 |  22874 |  81 |  918.0 |
       Dungeon |  19898 |  17161 |   2737 |   5108 |   7718 |  15 | 1326.5 |
        Temple |      1 |      1 |      0 |      0 |      0 |   1 |    1.0 |
          Lair |   3093 |   2497 |    596 |    751 |    226 |   5 |  618.6 |
        Shoals |   4220 |   4083 |    137 |    761 |   1677 |   4 | 1055.0 |
     Snake Pit |   6676 |   6482 |    194 |   2014 |   2299 |   4 | 1669.0 |
  Orcish Mines |   3944 |   3492 |    452 |   1286 |   1036 |   2 | 1972.0 |
   Elven Halls |   3887 |   3777 |    110 |    651 |   1545 |   3 | 1295.7 |
        Vaults |   9835 |   8788 |   1047 |   1159 |   3967 |   5 | 1967.0 |
         Crypt |   3685 |   3404 |    281 |    368 |   1315 |   3 | 1228.3 |
        Depths |   9437 |   8723 |    714 |   3514 |   2552 |   4 | 2359.2 |
           Zot |   2212 |   2158 |     54 |    858 |      0 |   5 |  442.4 |
         Abyss |   2034 |   2034 |      0 |    218 |      0 |  10 |  203.4 |
      Ziggurat |   1200 |   1200 |      0 |    327 |      0 |  16 |   75.0 |
         Sewer |    346 |    346 |      0 |      0 |    185 |   1 |  346.0 |
        Bailey |    502 |    502 |      0 |    186 |     20 |   1 |  502.0 |
      Ice Cave |   2046 |   2046 |      0 |   1386 |    197 |   1 | 2046.0 |
    Desolation |   1338 |   1338 |      0 |    622 |    135 |   1 | 1338.0 |
               +--------+--------+--------+--------+--------+-----+--------+

Top non-repeatable levels by time:
Depths:2: 4878 daAuts
    D:14: 2917 daAuts
 Snake:4: 2599 daAuts
Vaults:2: 2571 daAuts
   Orc:2: 2297 daAuts
Vaults:1: 2261 daAuts
    D:11: 2084 daAuts
   IceCv: 2046 daAuts
   Elf:3: 1943 daAuts
 Crypt:3: 1827 daAuts
Vaults:3: 1721 daAuts
    D:13: 1666 daAuts
Vaults:5: 1647 daAuts
   Orc:1: 1646 daAuts
Vaults:4: 1634 daAuts
